Map: Inside and Out

Players

Kelazhur - Winner!

  • Race: Terran Terran
  • League: Master
  • Spawn Location: 1:00

Harstem

  • Race: Protoss Protoss
  • League: Master
  • Spawn Location: 7:00

VOD

Have the link to the VOD?

Description

Time

  • Played on: Oct. 19, 2022, 3:12 p.m.
  • Length: 6:33
Show
View Real Time Build Order
Export as new Build Order

Kelazhur Terran - Winner!

Build Orders:  

Get SALT Encoding   

  12  0:00  SCV  
  13  0:12  SCV  
  14  0:17  Supply Depot  
  14  0:24  SCV  
  15  0:39  SCV  
  15  0:40  Barracks  
  16  0:43  Refinery  
  16  0:51  SCV  
  16  0:53  Refinery  
  17  1:03  SCV  
  18  1:15  SCV  
  19  1:19  Supply Depot  
  19  1:27  Reaper, Orbital Command  
  20  1:41  Factory  
  20  1:53  SCV  
  21  1:59  Barracks Reactor  
  21  2:05  SCV  
  22  2:15  Command Center  
  22  2:19  SCV  
  23  2:26  Widow Mine  
  25  2:31  SCV  
  25  2:35  Supply Depot  
  26  2:37  Marine x2  
  26  2:43  SCV  
  29  2:47  Factory Tech Lab  
  29  2:48  Barracks  
  29  2:55  SCV  
  29  2:56  Marine  
  29  2:57  Marine  
  35  3:05  Cyclone  
  35  3:07  SCV  
  36  3:15  Marine x2  
  38  3:20  SCV  
  38  3:25  Barracks  
  39  3:30  Orbital Command  
  39  3:34  Marine x2  
  42  3:41  SCV  
  42  3:44  Factory Tech Lab  
  42  3:45  Marine  
  42  3:48  Stimpack  
  43  3:52  Marine x2  
  43  3:53  SCV  
  46  3:58  SCV  
  47  4:05  Marine  
  47  4:06  SCV  
  47  4:07  Supply Depot  
  49  4:10  SCV  
  49  4:12  Marine x2  
  52  4:18  SCV  
  52  4:22  Combat Shield, Factory Reactor  
  52  4:23  Starport  
  52  4:24  SCV  
  54  4:30  Supply Depot, SCV  
  55  4:33  Marine x2  
  55  4:35  Marine x2  
  55  4:38  SCV  
  60  4:44  SCV  
  61  4:47  Supply Depot  
  61  4:50  Engineering Bay  
  61  4:52  SCV  
  62  4:56  SCV, Marine  
  62  4:57  Marauder x2  
  68  5:04  SCV  
  69  5:07  Marine  
  69  5:09  SCV, Medivac x2, Factory Reactor  
  75  5:16  SCV  
  75  5:17  Marine  
  75  5:18  Supply Depot  
  77  5:21  SCV  
  78  5:29  Supply Depot  
  78  5:30  Concussive Shells  
  78  5:40  SCV x2, Marauder, Marine x2  
  84  5:47  Marine  
  84  5:49  Medivac  
  85  5:52  SCV  
  85  5:53  Supply Depot, Widow Mine x2  
  85  5:55  SCV  
  89  5:57  Marine  
  89  5:59  Missile Turret  
  89  6:00  Missile Turret  
  89  6:03  Marine x2  
  89  6:04  Refinery, SCV  
  91  6:07  SCV  
  92  6:13  Refinery  
  92  6:14  Marine  
  92  6:15  Supply Depot, Marine  
  92  6:16  SCV  
Show
View Real Time Build Order
Export as new Build Order

Harstem Protoss 

Build Orders: 1 Gate Expand, Oracle Opening, Phoenix Opening 

Get SALT Encoding   

  12  0:00  Probe  
  13  0:12  Probe  
  14  0:18  Pylon  
  14  0:24  Probe (Chrono Boost)  
  15  0:36  Probe (Chrono Boost), Gateway  
  16  0:45  Probe (Chrono Boost)  
  16  0:46  Assimilator  
  17  0:51  Probe  
  18  1:03  Probe  
  20  1:23  Nexus  
  20  1:30  Cybernetics Core  
  19  1:33  Probe  
  20  1:40  Assimilator  
  20  1:45  Probe  
  21  1:49  Pylon  
  21  1:57  Probe  
  22  2:04  Adept (Chrono Boost)  
  24  2:09  Probe  
  25  2:18  Stargate  
  25  2:21  Probe  
  26  2:26  Adept (Chrono Boost)  
  28  2:32  Warp Gate  
  28  2:33  Probe  
  28  2:35  Probe  
  30  2:42  Shield Battery  
  30  2:45  Probe  
  30  2:48  Adept (Chrono Boost)  
  30  2:49  Probe  
  34  2:57  Probe  
  35  3:01  Probe  
  35  3:02  Oracle (Chrono Boost)  
  39  3:09  Probe  
  40  3:15  Pylon  
  40  3:19  Probe  
  41  3:21  Probe  
  41  3:23  Gateway  
  42  3:31  Probe  
  42  3:34  Probe  
  44  3:38  Phoenix (Chrono Boost)  
  46  3:44  Probe  
  46  3:46  Probe  
  46  3:47  Pylon  
  48  3:56  Phoenix (Chrono Boost), Probe  
  48  3:58  Probe  
  48  3:59  Pylon  
  52  4:08  Probe  
  53  4:10  Probe  
  54  4:18  Phoenix  
  54  4:20  Probe  
  54  4:23  Adept  
  54  4:24  Nexus  
  59  4:25  Adept  
  59  4:27  Probe  
  62  4:32  Probe  
  62  4:34  Pylon  
  60  4:39  Probe  
  60  4:41  Assimilator  
  60  4:43  Phoenix  
  60  4:44  Probe  
  64  4:47  Twilight Council  
  64  4:54  Adept x2  
  64  4:56  Probe x2  
  70  5:02  Gateway  
  70  5:08  Shield Battery, Probe  
  70  5:09  Probe  
  72  5:16  Adept x2  
  72  5:20  Shield Battery  
  76  5:28  Probe  
  77  5:32  Shield Battery  
  77  5:35  Phoenix  
  79  5:36  Adept x2  
  81  5:48  Probe  
  80  5:51  Probe  
  80  5:52  Pylon  
  80  5:56  Adept  
  80  5:57  Adept, Pylon  
  85  6:09  Pylon  
Tags
 
Add a new tag
Caveats
  • Supply blocks, unpowered buildings, or Contaminate may cause inaccurate times.
  • Supply counts are checked every 10 seconds.